 Dungeon Crawl Stone Soup version 0.31-a0-1447-g87ca8d402b (webtiles) character file.

Game seed: 731521760596057057

165 Aldia the Sneak (level 5, 0/27 HPs)
             Began as a Vine Stalker Brigand on Dec 27, 2023.
             Slain by a kobold brigand
             ... wielding a +0 dagger
              (3 damage)
             ... in a sewer.
             The game lasted 00:05:24 (2142 turns).

Aldia the Sneak (Vine Stalker Brigand)              Turns: 2142, Time: 00:05:25

Health: 0/27       AC:  3    Str: 13    XL:     5   Next: 46%
Magic:  0/6        EV: 12    Int: 11    God:
Gold:   47         SH:  0    Dex: 18    Spells: 4/4 levels left

rFire   . . .        m - +4 dagger (speed)
rCold   . . .        (no shield)
rNeg    . . .        b - +0 robe
rPois   .            (no helmet)
rElec   .            c - +0 cloak
rCorr   .            (no gloves)
SInv    .            (no boots)
Will    .....        (no amulet)
Stlth   +++          (no ring)
HPRegen 1.04/turn    (no ring)
MPRegen 0.10/turn

%: guardian spirit
@: lethally poisoned (0 -> -1), slowed, very slow
A: fangs 2, regeneration 1, magic shield, antimagic bite, no potion heal 2
a: no special abilities


You were in a sewer.
You visited 1 branch of the dungeon, and saw 3 of its levels.
You also visited: Sewer.

You collected 47 gold pieces.

Inventory:

Hand Weapons
 m - a +4 dagger of speed (weapon)
Missiles
 d - 9 poisoned darts
 e - 2 curare-tipped darts (quivered)
Armour
 b - a +0 robe (worn)
 c - a +0 cloak (worn)
Scrolls
 g - a scroll of brand weapon {unknown}
 h - a scroll of vulnerability {unknown}
 i - a scroll of fear {unknown}
 j - a scroll of torment {unknown}
Potions
 f - a potion of curing
 k - 2 potions of mutation


   Skills:
 + Level 2.5 Fighting
 * Level 3.4 Short Blades
 - Level 2.0 Throwing
 + Level 1.9 Dodging
 + Level 5.6 Stealth


You had 4 spell levels left.
You didn't know any spells.
Your spell library contained the following spells:

 Spells                   Type           Power      Damage    Failure   Level
 Iskenderun's Battlesphe  Conj           0%         2d6       100%        5
 Bombard                  Conj/Erth      0%         9d1       100%        6
 Spellforged Servitor     Conj/Summ      0%         N/A       100%        7


Dungeon Overview and Level Annotations

Branches:
Dungeon (3/15)              Sewer (1/1)

Altars:


Innate Abilities, Weirdness & Mutations

You have extremely sharp teeth.
Your natural rate of healing is unusually fast.
When hurt, damage is shared between your health and your magic reserves.
Your bite disrupts and absorbs the magic of your enemies.
Potions cannot restore your health.


Message History

The kobold brigand throws a poisoned dart.
The poisoned dart hits you!
You are more poisoned.
Throw: 2 darts (curare)
Press: ? - help, Q - select action, (/) - cycle Shift-Dir - straight line, f - kobold brigand, p - kobold brigand
Aim: a kobold brigand, wielding a +0 short sword and quivering curare-tipped darts (53% to hit)
Okay, then.
You enter the shallow water.
Moving in this stuff is going to be slow.
You feel very sick.
You feel very sick. The kobold brigand closely misses you.
The kobold brigand throws a curare-tipped dart.
The curare-tipped dart hits you.
You are more poisoned.
You have difficulty breathing.
You feel yourself slow down.
Your unstable footing causes you to fumble your attack.
You feel very sick.
The jackal barks!
You hear a bark!
Your unstable footing causes you to fumble your attack.
You feel very sick.
The kobold brigand hits you with a +0 dagger.
* * * LOW HITPOINT WARNING * * *
The kobold splashes around in the water.
Okay, then.
You feel very sick.
The kobold brigand attacks as it pursues you!
The kobold brigand hits you but does no damage.
You feel very sick. The kobold hits you with a +3 dagger.
* * * LOW HITPOINT WARNING * * *
You miss the kobold brigand. Your bite misses the kobold brigand.
The kobold brigand is severely wounded.
You feel sick.
The kobold splashes around in the water.
You miss the kobold brigand.
The kobold brigand is severely wounded.
You feel sick.
The kobold brigand hits you with a +0 dagger.
You die...

#∩..~≈~.# ###.~≈≈.#
#.~≈~.# ##.~≈~~##
#..~≈~~.################
#.~~≈~~~~~~~~~~~~~~~~~~~
#..~≈~.~################
#.~~≈~~.# #.~~≈~K@#
#.~≈≈≈hK# #~~≈≈≈K~#
#~~≈≈≈~h# #..~~~(~#
#..~.~~.# ####.#### ..
...


You could see 2 kobold brigands, 2 jackals and a kobold.

Vanquished Creatures
  4 adders
  3 river rats
  3 worms (D:3)
  3 dart slugs
  3 orcs (D:3)
  6 endoplasms
  4 giant cockroaches
  5 goblins
  11 hobgoblins
  3 jackals (Sewer)
  6 kobolds
  3 quokkas
  8 ball pythons
  6 bats
  2 frilled lizards (D:3)
  13 rats
83 creatures vanquished.

Notes
Turn   | Place    | Note
-------+----------+-------------------------------------------
     0 | D:1      | Aldia the Vine Stalker Brigand began the quest for the Orb.
     0 | D:1      | Reached XP level 1. HP: 11/11 MP: 2/2
    84 | D:1      | Reached skill level 1 in Dodging
    84 | D:1      | Reached XP level 2. HP: 15/15 MP: 0/3
   163 | D:1      | Reached skill level 5 in Stealth
   518 | D:1      | Reached XP level 3. HP: 18/18 MP: 4/4
  1175 | D:2      | Reached XP level 4. HP: 23/23 MP: 5/5
  1964 | D:3      | Reached XP level 5. HP: 26/27 MP: 6/6
  2032 | D:3      | Found a glowing drain.
  2040 | Sewer    | Entered a sewer
  2126 | Sewer    | Noticed a kobold brigand
  2134 | Sewer    | Noticed a kobold brigand
  2142 | Sewer    | Slain by a kobold brigand

Illustrated notes

Levels and vault maps discovered:
D:1:      mainiacjoe_arrival_reflecting_pool, layout_loops_corners
D:2:      layout_loops_corners
D:3:      kennysheep_six_static_rooms, layout_basic, lightli_sewer_entry_pipes,
          serial_shops, shop
Sewer:    sewer_kobolds

Skill      XL: |  1  2  3  4 |
---------------+-------------+-----
Short Blades   | 2 3 |  3.4
Dodging        | 1 |  1.9
Stealth        | 5 |  5.6
Fighting       | 2 |  2.5
Throwing       | 2 |  2.0

Action                     |  1- 3 |  4- 6 || total
---------------------------+-------+-------++-------
  Melee: Dagger            |    79 |   122 ||   201
         Bite              |    15 |    29 ||    44
         Punch             |     2 |       ||     2
  Throw: Dart              |       |     1 ||     1
    Use: Scroll            |       |     2 ||     2
   Stab: Sleeping          |    14 |     7 ||    21
 Armour: Robe              |    27 |    43 ||    70
  Dodge: Dodged            |    44 |    37 ||    81

Table legend: (Time is in decaauts)
 A = Elapsed time spent in this place.
 B = Non-inter-level travel time spent in this place.
 C = Inter-level travel time spent in this place.
 D = Time resting spent in this place.
 E = Time spent auto-exploring this place.
 F = Levels seen in this place.
 G = Mean time per level.
                   A        B        C        D        E       F      G
               +--------+--------+--------+--------+--------+-----+--------+
         Total |   2140 |   2028 |    112 |      0 |   1449 |   4 |  535.0 |
       Dungeon |   2033 |   1921 |    112 |      0 |   1388 |   3 |  677.7 |
         Sewer |    107 |    107 |      0 |      0 |     61 |   1 |  107.0 |
               +--------+--------+--------+--------+--------+-----+--------+

Top non-repeatable levels by time:
     D:1: 966 daAuts
     D:2: 727 daAuts
     D:3: 339 daAuts
   Sewer: 107 daAuts
